 Dungeon Crawl Stone Soup version 0.31-a0-851-g7ff8af7976 (webtiles) character file.

Game seed: 12580728672682913959

527 Gladio the Ruffian (level 7, -9/67 HPs)
             Began as a Troll Shapeshifter on Oct 5, 2023.
             Was an Initiate of Trog.
             Mangled by Edmund
             ... wielding a +7 dire flail of holy wrath
              (15 damage)
             ... on level 4 of the Dungeon.
             The game lasted 00:07:18 (2744 turns).

Gladio the Ruffian (Troll Shapeshifter)             Turns: 2744, Time: 00:07:19

Health: -9/67      AC:  4    Str: 22 (23) XL:     7   Next: 3%
Magic:  6/6        EV: 10    Int:  4 (6)  God:    Trog [......]
Gold:   241        SH:  0    Dex: 10 (11) Spells: 6/6 levels left

rFire   . .          .
                       - Unarmed
rCold   . . .        (no shield)
rNeg    . . .        a - +0 animal skin
rPois   .            (helmet currently unavailable)
rElec   .            (cloak currently unavailable)
rCorr   .            (gloves unavailable)
SInv    .            (boots unavailable)
Will    .....        (no amulet)
Stlth   +            (no ring)
HPRegen 1.11/turn    (no ring)
MPRegen 0.10/turn

%: no passive effects
@: beast-form
A: beast (slay +2), large, unfitting armour, claws 3, regeneration 1, shaggy fur
1, tough skin 1
a: Begin Untransformation, Renounce Religion


You were on level 4 of the Dungeon.
You worshipped Trog.
Trog was noncommittal.
You were a hulking beast.
You visited 2 branches of the dungeon, and saw 5 of its levels.

You collected 241 gold pieces.

Inventory:

Missiles
 o - 5 javelins (quivered)
Armour
 a - a +0 animal skin (worn)
Talismans
 c - a beast talisman (active)
 d - a flux talisman
Scrolls
 b - 3 scrolls of identify {unknown}
 h - a scroll of vulnerability {unknown}
 i - 3 scrolls of noise {unknown}
 j - 2 scrolls of fog
 k - a scroll of enchant armour {unknown}
 m - a scroll of enchant weapon {unknown}
 n - 4 scrolls of teleportation
 p - 2 scrolls of blinking {unknown}
Potions
 e - a potion of degeneration
 f - a potion of might {unknown}
 g - a potion of heal wounds
 l - 2 potions of curing {unknown}
 q - a potion of haste {unknown}


   Skills:
 * Level 3.3 Fighting
 + Level 2.8 Dodging
 * Level 4.8 Unarmed Combat
 * Level 4.6 Shapeshifting


You had 6 spell levels left.
You didn't know any spells.
Your spell library contained the following spells:

 Spells                   Type           Power      Damage    Failure   Level
 Necrotise                Necr           0%         1d4       50%         1
 Vampiric Draining        Necr           0%         2d6       86%         3
 Agony                    Necr           0%         N/A       100%        5


Dungeon Overview and Level Annotations

Branches:
Dungeon (4/15)             Temple (1/1) D:4

Altars:
Ashenzari
Fedhas
Gozag
Hepliaklqana
Kikubaaqudgha
Makhleb
Nemelex Xobeh
Okawaru
Qazlal
Ru
Sif Muna
Trog
Vehumet
The Shining One

Shops:
D:2 !

Portals:
Abyss: D:1***

Annotations:
D:4 Edmund


Innate Abilities, Weirdness & Mutations

You are a hulking beast.
Your limbs bulge with bestial killing power. (Slay +2)
You are too large for most types of armour.
You have claws for hands.
Your natural rate of healing is unusually fast.
You are covered in fur. (AC +1)
You have tough skin. (AC +1)


Message History

Orders for allies: a - Attack new target. r - Retreat! s - Stop attacking. g - Guard the area. f - Follow me.
Anything else - Cancel.
Okay, then.
Okay, then.
Search for what [? for help]?
Okay, then.
Unknown command.
You throw a throwing net. The throwing net barely misses Edmund.
You hear a splash.
Nothing quivered!
Okay, then.
You scratch Edmund.
Edmund is lightly wounded.
Edmund hits you with a +7 dire flail of holy wrath!!
You mangle Edmund!!
Edmund is heavily wounded.
Edmund hits you with a +7 dire flail of holy wrath.
You barely miss Edmund.
Edmund is heavily wounded.
Edmund hits you with a +7 dire flail of holy wrath.
You closely miss Edmund.
Edmund is heavily wounded.
Edmund hits you with a +7 dire flail of holy wrath!
You claw Edmund!
Edmund is severely wounded.
You closely miss Edmund.
Edmund is severely wounded.
Edmund hits you with a +7 dire flail of holy wrath!
* * * LOW HITPOINT WARNING * * *
You scratch Edmund.
Edmund is almost dead.
Edmund hits you with a +7 dire flail of holy wrath!
* * * LOW HITPOINT WARNING * * *
You scratch Edmund.
Edmund is almost dead.
Edmund hits you with a +7 dire flail of holy wrath!
You die...
Edmund says, "I'd like to see a scythe do that!"

.............P~♣♣♣♣PPP..##.......
............P~~~PP♣~~#..##.......
...............~~~~P...###.......
..............##.PPP#..# #.......
........~♣♣♣♣♣##.###..## ####....
.......♣~~~~~~ #.....## #...##
...♣♣♣~~P~P~~~♣##...## #..##
.~~♣~P~≈≈~~~~P♣....## ##..#
~~~~~~≈≈≈≈~P~~~~h..# ##...#
~~~~~~~P~P~~P~P~@..#######...##
P~~~P~~~~~♣P..~.♣............#
.~♣♣P~.~....~..~.......#######
....................####
...........~...~~~P##
.......~.~~~~~~P♣♣♣# ###########
###..~~P~~~~~~P♣♣..####..........
#..#~~~~P♣~~~~.................


You could see Edmund.

Vanquished Creatures
  Sigmund (D:2)
  A centaur (D:3)
  3 hounds
  Jessica (D:2)
  5 gnolls
  4 adders
  3 worms
  2 dart slugs
  6 ball pythons
  3 endoplasms
  5 giant cockroaches
  6 goblins
  8 hobgoblins
  7 jackals
  3 quokkas
  3 bats (D:1)
  2 frilled lizards (D:1)
  16 kobolds
  3 rats
82 creatures vanquished.

Notes
Turn   | Place    | Note
-------+----------+-------------------------------------------
     0 | D:1      | Gladio the Troll Shapeshifter began the quest for the Orb.
     0 | D:1      | Reached XP level 1. HP: 18/18 MP: 0/0
    61 | D:1      | Reached skill level 1 in Fighting
   122 | D:1      | Reached XP level 2. HP: 27/27 MP: 1/1
   363 | D:1      | Reached XP level 3. HP: 25/33 MP: 2/2
   584 | D:2      | Noticed Jessica
   587 | D:2      | Killed Jessica
   602 | D:2      | Noticed Sigmund
   619 | D:2      | Killed Sigmund
   620 | D:2      | Reached XP level 4. HP: 44/44 MP: 3/3
   620 | D:2      | Reached XP level 5. HP: 50/50 MP: 4/4
   888 | D:2      | Found Ewaodeif's Distillery.
  1139 | D:3      | Reached XP level 6. HP: 59/59 MP: 5/5
  2079 | D:4      | Found a staircase to the Ecumenical Temple.
  2094 | Temple   | Entered the Ecumenical Temple
  2145 | Temple   | Became a worshipper of Trog the Wrathful
  2329 | D:4      | Noticed Edmund
  2450 | D:4      | Reached XP level 7. HP: 48/67 MP: 6/6
  2744 | D:4      | Mangled by Edmund

Illustrated notes

Levels and vault maps discovered:
D:1:      minmay_arrival_glassed_features, layout_loops_cross, serial_glass,
          glass_columns_a, glass_columns_b
D:2:      layout_basic, serial_shops, nicolae_shop_statue_plus, uniq_jessica,
          uniq_sigmund
D:3:      layout_basic, minmay_misc_feat_tower, serial_bayou_pond_b,
          st_stairs_4, kennysheep_small_spiral, minmay_misc_feat_iff,
          minmay_pentomino_pile
D:4:      layout_layer_cave, minmay_temple_entry_ruins, serial_bayou,
          serial_bayou_lagoon_a, serial_bayou_pond_c, serial_bayou_ford_a,
          serial_bayou_lake_a, serial_bayou_pond_e, abandoned_shop,
          nrook_loot_triangle, uniq_edmund
Temple:   nicolae_temple_bog_church

Skill      XL: |  1  2  3  4  5  6 |
---------------+-------------------+-----
Fighting       | 1 2 3 |  3.3
Dodging        | 2 |  2.8
Unarmed Combat | 4 |  4.8
Shapeshifting  | 4 |  4.6

Action                     |  1- 3 |  4- 6 |  7- 9 || total
---------------------------+-------+-------+-------++-------
  Melee: Unarmed           |    64 |    98 |    10 ||   172
         Punch             |     1 |     3 |       ||     4
  Throw: Throwing net      |       |       |     1 ||     1
    Use: Scroll            |     1 |     1 |       ||     2
         Potion            |     1 |       |     2 ||     3
   Stab: Sleeping          |       |     2 |       ||     2
 Armour: Animal skin       |    32 |    52 |     8 ||    92
         Skin              |    17 |     2 |       ||    19
  Dodge: Dodged            |    27 |    44 |       ||    71

Table legend: (Time is in decaauts)
 A = Elapsed time spent in this place.
 B = Non-inter-level travel time spent in this place.
 C = Inter-level travel time spent in this place.
 D = Time resting spent in this place.
 E = Time spent auto-exploring this place.
 F = Levels seen in this place.
 G = Mean time per level.
                   A        B        C        D        E       F      G
               +--------+--------+--------+--------+--------+-----+--------+
         Total |   2731 |   2537 |    194 |      0 |   2083 |   5 |  546.2 |
       Dungeon |   2671 |   2534 |    137 |      0 |   2083 |   4 |  667.8 |
        Temple |     59 |      2 |     57 |      0 |      0 |   1 |   59.0 |
               +--------+--------+--------+--------+--------+-----+--------+

Top non-repeatable levels by time:
     D:3: 795 daAuts
     D:4: 756 daAuts
     D:1: 579 daAuts
     D:2: 539 daAuts
  Temple: 59 daAuts
